 Dungeon Crawl Stone Soup version 0.19-a0-475-gfca3800 (webtiles) character file.

456405 mistymad the Imperceptible (level 23, -2/182 HPs)
             Began as a Vampire Enchanter on June 4, 2016.
             Was the Champion of Ashenzari.
             Killed from afar by a vault guard (4 damage)
             ... with an exploding inner flame
             ... hexed by the player character
             ... on level 5 of the Vaults on June 5, 2016.
             The game lasted 06:17:19 (75065 turns).

mistymad the Imperceptible (Vampire Enchanter)     Turns: 75065, Time: 06:17:20

Health: -2/182     AC: 12    Str: 10    XL:     23   Next: 28%
Magic:  30/39      EV: 32    Int: 18    God:    Ashenzari [******]
Gold:   3656       SH: 19    Dex: 28    Spells: 13 memorised, 6 levels left

rFire  + + +     SeeInvis +     k - +10 quick blade (flame) (curse)
rCold  + . .     Gourm    .     b - +2 robe {rC+ rF+} (curse)
rNeg   + + +     Faith    .     P - +5 shield {reflect} (curse)
rPois  +         Spirit   .     N - +1 hat of Impermeability {rF+ rC- rN+++ Dex+4} (curse)
rElec  .         Dismiss  .     V - +2 cloak (curse)
rCorr  .         Reflect  +     o - +2 pair of gloves {Str+3} (curse)
SustAt .         Harm     .     m - +0 pair of boots
MR     ++...     Clarity  +     (no amulet)
Stlth  ++++++++++               Q - +4 ring of evasion
                                w - ring of protection from fire

@: regenerating, repel missiles, very resistant to hostile enchantments,
uncannily stealthy
A: fangs 3, see invisible, unbreathing
a: Bat Form, Curse Item, Scrying, Transfer Knowledge, Renounce Religion
}: 2/15 runes: serpentine, barnacled


You were on level 5 of the Vaults.
You worshipped Ashenzari.
Ashenzari was exalted by your worship.
You were thirsty.

You visited 9 branches of the dungeon, and saw 45 of its levels.
You visited the Abyss 3 times.
You visited 1 bazaar.
You also visited: Ossuary, Ice Cave and Wizlab.

You collected 5587 gold pieces.
You spent 1931 gold pieces at shops.

Inventory:

Hand Weapons
 k - a cursed +10 quick blade of flaming (weapon)
 T - the +9 sword of Zonguldrok {reap}
   (You found it in a wizard's laboratory)

   If a monster killed with it leaves a corpse in good enough shape, the corpse
   will be animated as a zombie friendly to the killer.
Missiles
 r - 13 throwing nets (quivered)
Armour
 b - a cursed +2 robe of resistance (worn)
 m - a +0 pair of boots (worn)
 o - a cursed +2 pair of gloves of strength (worn)
 N - the cursed +1 hat of Impermeability (worn) {rF+ rC- rN+++ Dex+4}
   (You found it on level 7 of the Lair of Beasts)

   It affects your dexterity (+4).
   It protects you from fire.
   It makes you vulnerable to cold.
   It renders you almost immune to negative energy.
   It has a curse placed upon it.
 P - a cursed +5 shield of reflection (worn)
 V - a cursed +2 cloak (worn)
Jewellery
 c - an uncursed ring of protection from cold
 w - a ring of protection from fire (left hand)
 O - an uncursed ring of resist corrosion
 Q - a +4 ring of evasion (right hand)
Wands
 H - a wand of teleportation (3/9)
 M - a wand of disintegration (5/24)
 R - a wand of heal wounds (4/9)
Scrolls
 e - 3 scrolls of fog
 i - 9 scrolls of teleportation
 j - 8 scrolls of enchant weapon
 q - 6 scrolls of amnesia
 s - 3 scrolls of enchant armour
 t - 12 scrolls of identify
 u - 8 scrolls of recharging
 x - 3 scrolls of summoning
 y - 4 scrolls of immolation
 E - 21 scrolls of remove curse
 F - 7 scrolls of blinking
 J - 9 scrolls of magic mapping
 U - 2 scrolls of fear
 W - 4 scrolls of silence
Potions
 d - 53 potions of blood
 f - 10 potions of might
 g - 7 potions of agility
 h - a potion of invisibility
 l - 10 potions of heal wounds
 n - 7 potions of cancellation
 p - 23 potions of curing
 v - 3 potions of beneficial mutation
 B - 3 potions of cure mutation
 C - 3 potions of haste
 I - 4 potions of resistance
 K - 7 potions of flight
 L - 3 potions of magic
 S - 4 potions of brilliance
Books
 G - a book of Dreams

   Spells                             Type                      Level
   a - Ensorcelled Hibernation        Hexes/Ice                    2
   b - Silence                        Hexes/Air                    5
   c - Darkness                       Hexes                        6
   d - Shadow Creatures               Summoning                    6
Miscellaneous
 a - a sack of spiders {used: 3}
 z - a fan of gales
 A - a phial of floods
 D - an ornate deck of escape


   Skills:
 + Level 15.5 Fighting
 - Level 10.9(16.1) Short Blades
 + Level 9.1(11.0) Long Blades
 + Level 5.8 Throwing
 + Level 17.3(19.7) Dodging
 + Level 23.3(25.3) Stealth
 - Level 11.4(14.1) Shields
 - Level 12.2 Spellcasting
 - Level 17.9 Hexes
 + Level 12.0 Charms
 - Level 8.5 Summonings
 - Level 8.1 Air Magic
 + Level 11.5 Evocations


You had 6 spell levels left.
You knew the following spells:

 Your Spells              Type           Power        Failure   Level  Hunger
a - Corona                Hex            ######.      0%          1    None
b - Ensorcelled Hibernat  Hex/Ice        #####.       1%          2    None
c - Confuse               Hex            ######..     0%          3    None
d - Tukima's Dance        Hex            ######..     0%          3    None
e - Dazzling Spray        Conj/Hex       #####.       1%          3    None
f - Summon Lightning Spi  Summ/Air       #####...     2%          4    ##.....
g - Repel Missiles        Chrm/Air       #####.       1%          2    None
h - Shroud of Golubria    Chrm/Tloc      ####......   1%          2    None
i - Ozocubu's Armour      Chrm/Ice       ####....     1%          3    None
j - Silence               Hex/Air        ######....   1%          5    ####...
k - Spectral Weapon       Hex/Chrm       ######..     1%          3    None
l - Regeneration          Chrm/Necr      ####......   1%          3    None
m - Invisibility          Hex            ######..     1%          6    ######.


Dungeon Overview and Level Annotations

Branches:
Dungeon (15/15)            Temple (1/1) D:4            Lair (8/8) D:9
 Shoals (4/4) Lair:6        Snake (4/4) Lair:5        Slime (0/6) Lair:6
    Orc (2/2) D:10            Elf (2/3) Orc:2        Vaults (5/5) D:13
  Crypt (0/3) Vaults:3     Depths (4/5) D:15

Altars:
Ashenzari
Cheibriados
Dithmenos
Elyvilon
Fedhas
Gozag
Hepliaklqana
Kikubaaqudgha
Makhleb
Nemelex Xobeh
Okawaru
Pakellas
Qazlal
Ru
Sif Muna
Trog
Uskayaw
Vehumet
Xom
Yredelemnul
Zin
The Shining One

Shops:
D:5 }   D:12 (   Orc:2 (:[*   Elf:1 ?   Elf:2 ?   Shoals:2 !   Snake:3 ?
Vaults:1 *   Vaults:4 [

Portals:
Hell: Depths:1 Depths:2 Depths:3
Abyss: Depths:1 Depths:4
Pandemonium: Depths:1 Depths:3
Ziggurat: Depths:1
Trove: Depths:4 (give 5 potions of resistance)

Annotations:
Lair:6 exclusion: oklob plant


Innate Abilities, Weirdness & Mutations

You heal slowly.
You have razor-sharp teeth.
You have supernaturally acute eyesight. (SInv)
You can survive without breathing.


Message History

The fiery explosion engulfs the vault guard.
The vault guard is heavily wounded.
The fiery explosion engulfs the vault guard.
The vault guard is heavily wounded.
The fiery explosion engulfs you! You resist.
* * * LOW HITPOINT WARNING * * *
The fiery explosion engulfs the vault guard.
The vault guard is moderately wounded.
The fiery explosion engulfs the vault guard.
The vault guard is moderately wounded.
The fiery explosion engulfs the vault guard.
The vault guard is severely wounded.
The fiery explosion engulfs the vault guard.
The vault guard is almost dead.
The fiery explosion engulfs you! You resist.
* * * LOW HITPOINT WARNING * * *
The fiery explosion engulfs the vault guard.
The vault guard is heavily wounded.
The fiery explosion engulfs you! You resist.
You die...

, ,,,, , , , ,,, ,,
,,, , ,,, , , * ,
,*#..#.%..#,.# ,,
,*
,**,##..#....#..#
** * * , , ,,*
,%..#%.%.#...,,, ,
, ,, , ..........%
, ,, , ****** *
#####.Q§§*§..## *
** , ,,, ,
....§§p§§§§....,,,,
,, , ,
,cp.%§§§§§§§....,,,
, ,
.%.%§p§@p§pY...,, ,
,,,, ,,,,, ,
....§§§§p§.....,
,,, ,, ***
***#####Qppp....##
* ** , , ,,, ,
..p.p....... ,,,,
,,, , ,*,* *,
,#p#.#*...#.%. ,
,,, ,,,,,,
,.c...#....#,.#* *
,,,, *,**
*.##.#.#....#,,#**,
, * ** , *
#...#....#, **, ,
,, ,,,, ,,,, * *, ,
, , ,,,,,


You could see a vault warden, 2 tengu reavers, a yaktaur captain, 8 vault
guards, an elephant shaped shifter, a hell knight, an ironbrand convoker, a
yaktaur, a necromancer and 2 battlespheres.

Vanquished Creatures
  An ancient lich (Depths:1)
  Mara (Vaults:2)
  Boris (Depths:4)
  Frederick (Vaults:3)
  Vashnia (Snake:3)
  The ghost of tstbtto the Peltast, an adept DDFi of Makhleb (Depths:3)
  the Enchantress (Depths:1)
  Jory (Depths:3)
  5 liches
  Rupert (Lair:5)
  Asterion (Snake:3)
  2 ancient champions (WizLab)
  2 sphinxes
  4 tengu reavers
  Agnes (D:15)
  3 fire giants
  Ilsuiw (Shoals:4)
  Donald (Shoals:4)
  7 greater nagas
  Aizul (Snake:3)
  Wiglaf (Snake:2)
  7 frost giants
  9 vault wardens
  An orc warlord (Orc:2)
  Louise (Depths:4)
  13 ironheart preservers
  A caustic shrike zombie (Depths:2)
  4 spriggan defenders
  11 stone giants
  10 very ugly things
  A war gargoyle (Vaults:4)
  9 vampire knights
  A deep elf demonologist (Elf:2)
  2 deep elf annihilators (Depths:1)
  A crystal guardian (Vaults:4)
  A spark wasp (Depths:2)
  Azrael (Orc:2)
  6 merfolk javelineers (Shoals:4)
  2 deep elf death magi
  Snorg (Lair:8)
  7 ettins
  2 blizzard demons (IceCv)
  8 fire dragons
  26 vault guards
  8 merfolk impalers
  The ghost of grom234 the Destroyer, a journeyman DrWz of Vehumet (D:10)
  4 jiangshi (Depths:3)
  5 great orbs of eyes
  Josephine (Lair:7)
  8 yaktaur captains
  14 ogre magi
  4 entropy weavers
  2 ice dragons
  8 hydras
  4 spriggan air magi
  12 naga warriors
  Erolcha (D:8)
  A rakshasa (Depths:2)
  9 centaur warriors
  A juggernaut simulacrum (Depths:2)
  4 merfolk avatars
  9 anacondas
  26 dancing weapons
  6 merfolk aquamancers
  7 deep troll shamans
  3 death knights
  3 alligator snapping turtles
  4 tengu warriors
  A satyr (Shoals:4)
  The ghost of grom234 the Destroyer, a novice DrWz of Vehumet (D:9)
  5 death yaks
  10 deep troll earth magi
  3 orc high priests (Orc:2)
  A titan zombie (Depths:3)
  A thrashing horror (Abyss:5)
  6 shock serpents
  3 spriggan berserkers
  11 naga sharpshooters
  13 deep elf knights
  2 salamander mystics
  A fire crab (Vaults:3)
  4 wizards
  7 sea snakes
  6 hell knights (Depths:4)
  A titan skeleton (Vaults:3)
  26 skeletal warriors
  28 deep trolls
  5 giant orange brains
  5 unseen horrors
  7 hill giants
  3 flayed ghosts
  A kraken simulacrum (Shoals:4)
  5 iron trolls
  4 naga ritualists
  7 phantasmal warriors (Depths:3)
  15 ironbrand convokers
  5 necromancers
  16 orc knights
  Pikel (D:5)
  4 deep elf archers
  61 deep elf magi
  7 harpies
  3 fire giant zombies (Depths:3)
  3 wolf spiders
  A wolf spider zombie (D:15)
  17 griffons
  2 harpies (shapeshifter)
  28 ugly things
  2 tengu skeletons (Vaults:3)
  A cyclops (shapeshifter) (Vaults:2)
  8 orc sorcerers
  9 mana vipers
  4 fauns
  4 frost giant zombies
  4 cyclopes
  A stone giant zombie (Depths:3)
  3 hornets
  11 salamanders
  7 manticores
  A manticore (shapeshifter) (Depths:2)
  A sphinx skeleton (Vaults:3)
  25 elephants
  A fire giant skeleton (Vaults:3)
  2 moths of wrath (shapeshifter)
  2 octopodes (shapeshifter)
  4 guardian serpents
  A spriggan zombie (Depths:3)
  38 black mambas
  Maurice (D:10)
  3 ice statues
  11 naga magi
  7 water nymphs
  A guardian serpent (shapeshifter) (Vaults:4)
  18 spiny frogs
  2 orange demons (Abyss:5)
  A rust devil (Depths:3)
  6 sirens
  A torpor snail (Lair:6)
  17 vault sentinels
  3 rime drakes
  17 komodo dragons
  8 freezing wraiths
  3 kobold demonologists
  An efreet (D:15)
  14 ice devils
  A tormentor (Depths:3)
  30 yaktaurs
  A yaktaur skeleton (Vaults:3)
  4 human skeletons
  A polar bear (shapeshifter) (Elf:2)
  7 trolls
  A polar bear (Lair:3)
  A two-headed ogre (shapeshifter) (Vaults:2)
  22 two-headed ogres
  31 merfolk
  4 wind drakes
  4 boulder beetles
  2 jumping spiders
  10 slime creatures
  A wolf spider simulacrum (D:12)
  8 blink frogs
  Sigmund (D:4)
  A fire giant simulacrum (Vaults:2)
  12 snapping turtles
  4 redbacks
  9 air elementals
  6 flying skulls (Depths:3)
  A wyvern (shapeshifter) (D:13)
  4 ettin skeletons (Vaults:3)
  4 spriggans
  18 water elementals
  7 wraiths
  34 yaks
  A shadow (D:15)
  6 vampires
  2 hill giant zombies (WizLab)
  A basilisk (shapeshifter) (Elf:1)
  A spriggan (shapeshifter) (Vaults:2)
  9 wyverns
  A hippogriff (shapeshifter) (Vaults:4)
  15 hippogriffs
  3 hungry ghosts
  A golden eye (shapeshifter) (Depths:2)
  2 basilisks
  4 fire elementals
  5 steam dragons
  18 vampire mosquitoes
  An emperor scorpion simulacrum (Abyss:5)
  Menkaure (D:7)
  57 nagas
  4 mottled dragons
  A soldier ant (shapeshifter) (Depths:2)
  8 hell hounds
  4 wargs
  37 water moccasins
  3 sky beasts
  17 porcupines
  3 swamp drakes
  An eye of draining (D:13)
  6 phantoms
  An elephant zombie (Lair:7)
  37 orc warriors
  A slave (D:5)
  2 black bears (Lair:3)
  4 wasps
  A necrophage (D:9)
  An orc skeleton (Vaults:2)
  8 boggarts
  53 ogres
  10 centaurs
  23 wolves
  A crocodile (shapeshifter) (Depths:2)
  31 crocodiles
  13 big kobolds
  3 earth elementals (Elf:2)
  5 gnoll sergeants (D:10)
  A komodo dragon zombie (Lair:7)
  20 giant frogs
  A deep troll simulacrum (Vaults:3)
  2 glowing shapeshifter simulacra
  A wyvern skeleton (D:12)
  A water moccasin skeleton (D:11)
  3 scorpions
  2 elf simulacra
  8 troll zombies (WizLab)
  13 killer bees
  31 wights
  A troll skeleton (D:11)
  2 spriggan skeletons (D:11)
  8 howler monkeys
  A spectral wolf (Depths:3)
  2 electric eels
  2 giant frog zombies (D:11)
  6 centaur zombies
  10 crimson imps
  6 hounds
  A basilisk zombie (Lair:7)
  A giant frog skeleton (D:7)
  5 centaur skeletons
  2 human zombies (Ossuary)
  38 orc priests
  37 orc wizards
  13 iguanas
  3 jellies
  22 worker ants
  A killer bee zombie (D:8)
  30 sheep
  2 big kobold zombies (Ossuary)
  7 ogre zombies (WizLab)
  2 hound skeletons (D:6)
  2 mummies (Ossuary)
  3 worker ant zombies
  10 gnolls
  A howler monkey skeleton (D:5)
  25 adders
  56 river rats
  5 shadow imps
  8 white imps (IceCv)
  6 ufetubi (IceCv)
  2 oozes
  An adder zombie (Ossuary)
  An adder skeleton (D:5)
  A worm (D:3)
  A dart slug (D:3)
  6 giant geckos
  89 orcs
  6 giant cockroaches
  11 goblins
  6 hobgoblins
  4 jackals (D:7)
  6 quokkas
  A ball python (D:5)
  4 bats
  A giant gecko skeleton (D:5)
  3 giant newts
  A goblin zombie (Ossuary)
  9 hobgoblin zombies (Ossuary)
  4 jackal zombies
  25 kobolds
  10 kobold zombies (Ossuary)
  7 orc zombies (Ossuary)
  7 rats
  A rat zombie (Ossuary)
  9 plants (Lair:8)
  A spectral weapon (Vaults:3)
  A tentacle (Shoals:4)
2135 creatures vanquished.

Vanquished Creatures (collateral kills)
  A lich (Depths:1)
  3 greater nagas (Snake:4)
  An ironheart preserver (Vaults:2)
  3 naga warriors
  A spriggan air mage (Depths:3)
  A merfolk avatar (Shoals:4)
  A deep troll earth mage (Depths:2)
  4 naga sharpshooters
  A deep elf knight (Elf:1)
  A skeletal warrior (Vaults:1)
  A deep troll (Depths:2)
  2 naga ritualists
  2 deep elf magi
  A necromancer (Depths:4)
  A frost giant zombie (Depths:3)
  A salamander (Snake:4)
  2 black mambas (Snake:4)
  7 naga magi
  A siren (Shoals:4)
  A vault sentinel (Vaults:3)
  2 guardian serpents
  A tengu conjurer (Depths:1)
  A merfolk (Shoals:4)
  3 two-headed ogres
  A spriggan (Depths:2)
  A neqoxec (Depths:3)
  6 nagas
  A large abomination (Abyss:5)
  2 wasps (Abyss:5)
  2 ogres
  A boggart (Depths:3)
  A wolf (Depths:3)
  2 worker ants (Lair:8)
  An orc (Vaults:4)
61 creatures vanquished.

Vanquished Creatures (others)
  A stone giant (Depths:2)
  A deep elf knight (Elf:2)
  A naga sharpshooter (Snake:1)
  A deep troll (Depths:1)
  A wizard (Depths:1)
  A naga ritualist (Snake:4)
  A deep elf mage (Elf:2)
  An ice statue (Shoals:1)
  A smoke demon (Abyss:5)
  11 yaktaurs
  An anaconda simulacrum (Abyss:5)
  A naga (Snake:4)
  A small abomination (Abyss:5)
  An orc warrior (Orc:2)
  2 ogres (D:5)
  A boggart (D:15)
  A worker ant zombie (D:5)
  3 ufetubi (IceCv)
  3 orcs
  3 kobolds (D:9)
  2 bushes
  A fire vortex (Abyss:5)
  35 fungi
  A lurking horror (Abyss:5)
  66 plants
  16 spectral weapons
  10 starspawn tentacles (Abyss:5)
  49 starspawn tentacle segments (Abyss:5)
  6 tentacles
  131 tentacle segments (Shoals:4)
  14 toadstools (Lair:6)
368 creatures vanquished.

Grand Total: 2564 creatures vanquished

Notes
Turn   | Place    | Note
--------------------------------------------------------------
     0 | D:1      | mistymad the Vampire Enchanter began the quest for the Orb.
     0 | D:1      | Reached XP level 1. HP: 13/13 MP: 3/3
    67 | D:1      | Found a snail-covered altar of Cheibriados.
   505 | D:1      | Reached XP level 2. HP: 20/20 MP: 5/5
   891 | D:2      | Learned a level 2 spell: Ensorcelled Hibernation
  1129 | D:2      | Found a basalt altar of Yredelemnul.
  1163 | D:2      | Reached XP level 3. HP: 19/25 MP: 3/6
  1352 | D:2      | Reached skill level 1 in Fighting
  1678 | D:2      | Reached skill level 5 in Hexes
  1687 | D:2      | Reached skill level 5 in Stealth
  1871 | D:1      | Learned a level 3 spell: Confuse
  1875 | D:2      | Reached XP level 4. HP: 19/32 MP: 0/7
  2436 | D:3      | Reached XP level 5. HP: 29/37 MP: 1/9
  3140 | D:4      | Found a staircase to the Ecumenical Temple.
  3149 | D:4      | Found a blossoming altar of Fedhas.
  3151 | Temple   | Entered the Ecumenical Temple
  3175 | Temple   | Became a worshipper of Ashenzari the Shackled
  3306 | D:4      | Found a stormy altar of Qazlal.
  3341 | D:4      | Noticed Sigmund
  3370 | D:4      | Killed Sigmund
  3370 | D:4      | Reached skill level 6 in Stealth
  3370 | D:4      | Reached XP level 6. HP: 27/45 MP: 7/10
  3873 | D:4      | Found an iron altar of Okawaru.
  3911 | D:4      | Found a burning altar of Makhleb.
  4093 | D:5      | Entered Level 5 of the Dungeon
  4218 | D:5      | Noticed Pikel
  4218 | D:5      | Noticed a slave
  4219 | D:5      | Noticed a slave
  4219 | D:5      | Noticed a slave
  4219 | D:5      | Noticed a slave
  4238 | D:5      | Killed a slave
  4240 | D:5      | Killed Pikel
  4240 | D:5      | Reached skill level 7 in Stealth
  4240 | D:5      | Reached XP level 7. HP: 52/52 MP: 6/12
  4402 | D:5      | Reached XP level 8. HP: 58/58 MP: 8/13
  4406 | D:5      | Found an oddly glowing altar of Pakellas.
  4406 | D:5      | Found Pakellas's Prime Provisions.
  4953 | D:6      | Reached skill level 8 in Stealth
  5064 | D:6      | Found a sand-covered staircase.
  5080 | D:6      | Reached skill level 5 in Dodging
  5162 | Ossuary  | Entered an ossuary
  5637 | D:6      | Reached skill level 5 in Short Blades
  5788 | D:6      | Reached XP level 9. HP: 66/66 MP: 13/15
  5811 | D:6      | Reached skill level 9 in Stealth
  5816 | D:6      | Reached * piety under Ashenzari
  5894 | D:6      | Found a sacrificial altar of Ru.
  6177 | D:7      | Found a hazy altar of Hepliaklqana.
  6530 | D:7      | Reached skill level 5 in Fighting
  6973 | D:7      | Found a radiant altar of Vehumet.
  6973 | D:7      | Noticed Menkaure
  6983 | D:7      | Killed Menkaure
  6983 | D:7      | Reached skill level 1 in Shields
  7410 | D:8      | Noticed Erolcha
  7418 | D:8      | Killed Erolcha
  7418 | D:8      | Reached skill level 10 in Stealth
  7418 | D:8      | Reached skill level 5 in Spellcasting
  7654 | D:8      | Found a shadowy altar of Dithmenos.
  7698 | D:8      | Reached ** piety under Ashenzari
  7860 | D:8      | Learned a level 3 spell: Tukima's Dance
  7864 | D:8      | Learned a level 3 spell: Dazzling Spray
  8010 | D:8      | Reached XP level 10. HP: 76/76 MP: 16/18
  8096 | D:8      | Found a glowing golden altar of the Shining One.
  8096 | D:8      | Found a hide-covered altar of Uskayaw.
  8096 | D:8      | Found a deep blue altar of Sif Muna.
  8104 | D:8      | Found a snail-covered altar of Cheibriados.
  8451 | D:9      | Noticed grom234's ghost (novice DrWz)
  8500 | D:9      | Killed grom234's ghost
  8726 | D:9      | Reached skill level 10 in Hexes
  8970 | D:9      | Reached skill level 11 in Stealth
  9435 | D:9      | Found a staircase to the Lair.
  9508 | D:9      | Got the uncursed helmet "Kucisie" {*Confuse Dex+7}
  9519 | D:9      | Identified the +2 helmet "Kucisie" {*Confuse Dex+7} (You found it on level 9 of the Dungeon)
  9679 | D:10     | Entered Level 10 of the Dungeon
  9679 | D:10     | Noticed Maurice
  9680 | D:10     | Killed Maurice
  9760 | D:10     | Found a staircase to the Orcish Mines.
  9810 | D:10     | Reached XP level 11. HP: 83/83 MP: 14/20
  9884 | D:10     | Noticed grom234's ghost (journeyman DrWz)
 10553 | D:10     | Killed grom234's ghost
 10801 | Lair:1   | Entered Level 1 of the Lair of Beasts
 11257 | Lair:1   | Reached skill level 12 in Stealth
 11820 | Lair:1   | Noticed a seven-headed hydra
 11825 | Lair:1   | Killed a seven-headed hydra
 11825 | Lair:1   | Reached skill level 5 in Shields
 12109 | Lair:2   | Reached XP level 12. HP: 91/91 MP: 19/22
 13046 | Lair:2   | Reached *** piety under Ashenzari
 13046 | Lair:2   | Noticed a six-headed hydra
 13068 | Lair:2   | Killed a six-headed hydra
 13923 | Lair:3   | Reached skill level 13 in Stealth
 14878 | Lair:4   | Noticed a four-headed hydra
 14883 | Lair:4   | Killed a four-headed hydra
 15516 | Lair:5   | Noticed Rupert
 15520 | Lair:5   | Killed Rupert
 15520 | Lair:5   | Reached XP level 13. HP: 99/99 MP: 25/25
 16368 | Lair:5   | Found a staircase to the Snake Pit.
 16467 | Lair:5   | Reached skill level 14 in Stealth
 16740 | Lair:6   | Found a staircase to the Slime Pits.
 17070 | Lair:6   | Reached **** piety under Ashenzari
 18306 | Lair:6   | Found a blossoming altar of Fedhas.
 18359 | Lair:6   | Reached skill level 10 in Short Blades
 18782 | Lair:5   | Reached skill level 10 in Dodging
 19305 | Lair:6   | Found a staircase to the Shoals.
 19753 | Lair:7   | Noticed Josephine
 19760 | Lair:7   | Killed Josephine
 19760 | Lair:7   | Reached XP level 14. HP: 108/108 MP: 27/27
 19830 | Lair:7   | Got the uncursed hat of Impermeability {rF+ rC- rN+++ Dex+4}
 19844 | Lair:7   | Identified the +1 hat of Impermeability {rF+ rC- rN+++ Dex+4} (You found it on level 7 of the Lair of Beasts)
 20901 | Lair:7   | Got the cursed short sword of Crusades {pierce, rN+}
 20951 | Lair:7   | Identified the cursed +2 short sword of Crusades {pierce, rN+} (You found it on level 7 of the Lair of Beasts)
 21074 | Lair:8   | Entered Level 8 of the Lair of Beasts
 21620 | Lair:8   | Reached skill level 15 in Stealth
 21865 | Lair:8   | Noticed Snorg
 21878 | Lair:8   | Killed Snorg
 23286 | Lair:8   | Identified a scroll of acquirement
 23332 | Lair:8   | Reached skill level 10 in Fighting
 23939 | Lair:1   | Learned a level 4 spell: Summon Lightning Spire
 24246 | D:11     | Reached skill level 15 in Hexes
 24246 | D:11     | Reached skill level 1 in Summonings
 25018 | D:12     | Identified the +8 falchion of Purpose {flame, +Inv Int+9}
 25189 | D:12     | Reached XP level 15. HP: 58/115 MP: 28/28
 25461 | D:12     | Reached skill level 1 in Air Magic
 25684 | D:12     | Reached ***** piety under Ashenzari
 25748 | D:12     | Found Ubefiejo's Weapon Shop.
 26230 | D:13     | Reached skill level 10 in Spellcasting
 26243 | D:13     | Found a gate to the Vaults.
 26456 | D:13     | Reached skill level 16 in Stealth
 26537 | D:14     | Learned a level 2 spell: Repel Missiles
 26589 | D:14     | Found a sparkling altar of Nemelex Xobeh.
 27267 | D:15     | Entered Level 15 of the Dungeon
 27523 | D:15     | Noticed Agnes
 27526 | D:15     | Killed Agnes
 27565 | D:15     | Paralysed by a wizard for 5 turns
 29049 | Orc:1    | Entered Level 1 of the Orcish Mines
 29418 | Orc:2    | Entered Level 2 of the Orcish Mines
 29706 | Orc:2    | Found a staircase to the Elven Halls.
 30010 | Elf:1    | Entered Level 1 of the Elven Halls
 30455 | Orc:2    | Noticed an orc warlord
 30715 | Orc:2    | Noticed Azrael
 30767 | Orc:2    | Killed Azrael
 30891 | Orc:2    | Killed an orc warlord
 31230 | Orc:2    | Reached XP level 16. HP: 124/124 MP: 24/30
 31252 | Orc:2    | Found Xomnirohi's Antique Armour Shop.
 31308 | Orc:2    | Found Ulialuvi's General Store.
 31309 | Orc:2    | Found Zuw Acett's Book Shop.
 31311 | Orc:2    | Found Maseirep's Antique Weapon Boutique.
 31318 | Orc:2    | Bought a pair of runed gloves for 126 gold pieces
 31318 | Orc:2    | Bought a glowing robe for 19 gold pieces
 32496 | D:15     | Found a staircase to the Depths.
 32985 | Lair:1   | Learned a level 2 spell: Shroud of Golubria
 33128 | Snake:1  | Entered Level 1 of the Snake Pit
 33284 | Snake:1  | Reached skill level 5 in Air Magic
 33671 | Shoals:1 | Entered Level 1 of the Shoals
 33700 | Shoals:1 | Found a frozen archway.
 33751 | IceCv    | Entered an ice cave
 35115 | IceCv    | Reached skill level 1 in Evocations
 35281 | IceCv    | Reached skill level 5 in Summonings
 35558 | IceCv    | Identified the +7 demon blade "Emaotauh" {venom, Int+4}
 35689 | Shoals:1 | Reached skill level 17 in Stealth
 36792 | Shoals:2 | Found Biwkoch's Distillery.
 37298 | Shoals:2 | Reached skill level 10 in Shields
 37680 | Shoals:3 | Found a flickering gateway to a bazaar.
 37699 | Bazaar   | Entered a bazaar
 37699 | Bazaar   | Found Yngie's General Store.
 37702 | Bazaar   | Found Batzear's Antique Armour Shop.
 37724 | Bazaar   | Bought a scroll of identify for 34 gold pieces
 37724 | Bazaar   | Bought a scroll of identify for 34 gold pieces
 37738 | Bazaar   | Found Nurph's Antique Weapon Shop.
 37766 | Bazaar   | Bought a distressingly furry leather armour for 175 gold pieces
 37766 | Bazaar   | Identified the cursed +1 leather armour "Nuollaw" {+Inv rC+ SInv} (You bought it in a shop in a bazaar)
 38361 | Shoals:3 | Reached ****** piety under Ashenzari
 38592 | Shoals:4 | Entered Level 4 of the Shoals
 38754 | Shoals:4 | Noticed Donald
 38835 | Shoals:4 | Killed Donald
 39013 | Shoals:4 | Reached XP level 17. HP: 128/131 MP: 24/32
 39508 | Shoals:4 | Noticed Ilsuiw
 39941 | Shoals:4 | Killed Ilsuiw
 40008 | Shoals:4 | Got a barnacled rune of Zot
 42260 | Snake:1  | Identified the ring "Gokh" {SustAt Dex+2} (You took it off a naga on level 1 of the Snake Pit)
 43804 | Snake:2  | Noticed Asterion
 44215 | Vaults:1 | Entered Level 1 of the Vaults
 44726 | Vaults:1 | Reached XP level 18. HP: 140/140 MP: 33/33
 44757 | Vaults:1 | Reached skill level 18 in Stealth
 44761 | Vaults:1 | Identified Usaso's Tome of Stones and Weightlessness
 45340 | Vaults:1 | Found Uppirph's Assorted Antiques.
 45351 | Vaults:1 | Bought a triangular golden amulet for 195 gold pieces
 45754 | Vaults:1 | Reached skill level 5 in Evocations
 47002 | Vaults:2 | Noticed Mara
 47009 | Vaults:2 | Killed Mara
 47734 | Vaults:3 | Noticed Frederick
 48637 | Snake:2  | Noticed Wiglaf
 49097 | Snake:2  | Killed Wiglaf
 49219 | Snake:3  | Noticed Aizul
 49254 | Snake:3  | Killed Aizul
 50105 | Snake:3  | Killed Asterion
 50105 | Snake:3  | Identified the +0 shield of Iwicleho {+Blink rPois rF+} (You took it off Asterion on level 3 of the Snake Pit)
 50298 | Snake:3  | Learned a level 3 spell: Ozocubu's Armour
 50333 | Snake:3  | Reached XP level 19. HP: 143/148 MP: 35/35
 50468 | Snake:3  | Noticed Vashnia
 50533 | Snake:3  | Reached skill level 1 in Charms
 50704 | Snake:3  | Killed Vashnia
 51354 | Snake:3  | Found Keafur's Magic Scroll Shoppe.
 51357 | Snake:3  | Bought a scroll of identify for 28 gold pieces
 51357 | Snake:3  | Bought a scroll of identify for 28 gold pieces
 51357 | Snake:3  | Bought a scroll of identify for 28 gold pieces
 51531 | Snake:4  | Entered Level 4 of the Snake Pit
 51696 | Snake:4  | Reached skill level 19 in Stealth
 52867 | Snake:4  | Identified the +7 scale mail of Mykhler {rC- rN++}
 53628 | Snake:4  | Got a serpentine rune of Zot
 54424 | Lair:1   | Learned a level 5 spell: Silence
 54732 | Elf:1    | Found Niggah's Magic Scroll Emporium.
 54737 | Elf:1    | Bought a scroll of identify for 28 gold pieces
 54737 | Elf:1    | Bought a scroll of remove curse for 42 gold pieces
 54737 | Elf:1    | Bought a scroll of identify for 28 gold pieces
 54737 | Elf:1    | Bought a scroll of identify for 28 gold pieces
 55643 | Elf:1    | Reached skill level 5 in Charms
 56044 | Elf:1    | Reached skill level 20 in Stealth
 56345 | Elf:2    | Found a magical portal.
 56426 | WizLab   | Entered Zonguldrok's Shrine
 56516 | WizLab   | Reached skill level 15 in Dodging
 57129 | WizLab   | Reached XP level 20. HP: 157/157 MP: 36/36
 57148 | WizLab   | Noticed an antique lich
 57181 | WizLab   | Cast into level 5 of the Abyss (an antique lich)
 57181 | Abyss:5  | Entered Level 5 of the Abyss
 57229 | Abyss:5  | Noticed a bone dragon
 57242 | WizLab   | Escaped the Abyss
 57259 | WizLab   | Cast into level 5 of the Abyss (an antique lich)
 57259 | Abyss:5  | Entered Level 5 of the Abyss
 57429 | WizLab   | Escaped the Abyss
 57462 | WizLab   | Identified the Catalogue of Creative Damage Dealing (You found it in a wizard's laboratory)
 58000 | WizLab   | Cast into level 5 of the Abyss (an antique lich)
 58000 | Abyss:5  | Entered Level 5 of the Abyss
 58016 | Abyss:5  | Identified the cursed +1 falchion of Conflict {drain, rF+ rC- Str+2}
 58136 | Abyss:5  | Identified the +0 quarterstaff "Nimanoig" {flame, +Rage Int+5}
 58655 | WizLab   | Escaped the Abyss
 59349 | Elf:2    | Found Faradd's Magic Scroll Boutique.
 59383 | Elf:2    | Bought a scroll of teleportation for 57 gold pieces
 59383 | Elf:2    | Bought a scroll of remove curse for 57 gold pieces
 59383 | Elf:2    | Bought a scroll of recharging for 180 gold pieces
 59383 | Elf:2    | Bought a scroll of identify for 38 gold pieces
 59383 | Elf:2    | Bought a scroll of recharging for 180 gold pieces
 59383 | Elf:2    | Bought a scroll of magic mapping for 66 gold pieces
 59383 | Elf:2    | Bought a scroll of recharging for 180 gold pieces
 59383 | Elf:2    | Bought a scroll of brand weapon for 380 gold pieces
 59388 | Elf:2    | Learned a level 3 spell: Spectral Weapon
 59402 | Elf:2    | Reached skill level 1 in Long Blades
 59901 | Elf:2    | Found a runed gate.
 59901 | Elf:2    | Found a runed gate.
 59901 | Elf:2    | Found a runed gate.
 61856 | Vaults:3 | Killed Frederick
 62048 | Vaults:3 | Found a staircase to the Crypt.
 62706 | Vaults:3 | Reached skill level 21 in Stealth
 63047 | Vaults:3 | Reached skill level 5 in Long Blades
 63443 | Vaults:3 | Learned a level 3 spell: Regeneration
 63809 | Depths:1 | Entered Level 1 of the Depths
 64413 | Depths:1 | Reached XP level 21. HP: 165/165 MP: 26/37
 64545 | Depths:1 | Learned a level 6 spell: Invisibility
 65203 | Depths:1 | Found a runed door.
 65210 | Depths:1 | Found a radiant altar of Vehumet.
 65210 | Depths:1 | Noticed an ancient lich
 65360 | Depths:1 | Found a gateway to a ziggurat.
 65384 | Depths:1 | Found a gateway to Hell.
 65418 | Depths:1 | Found a one-way gate leading to the halls of Pandemonium.
 65679 | Depths:1 | Found a one-way gate to the infinite horrors of the Abyss.
 66028 | Depths:1 | Killed an ancient lich
 66028 | Depths:1 | Reached skill level 1 in Throwing
 66762 | Depths:1 | Identified the Papyrus of Agnosticism
 66868 | Depths:1 | Reached skill level 10 in Evocations
 67144 | Depths:2 | Found an iron altar of Okawaru.
 67202 | Depths:2 | Reached skill level 22 in Stealth
 67618 | Depths:2 | Noticed the Enchantress
 67918 | Depths:1 | Killed the Enchantress
 67918 | Depths:1 | Identified the +4 faerie dragon armour {Regen+ Int-3 SInv Stlth+} (You took it off the Enchantress on level 1 of the Depths)
 68726 | Depths:2 | Reached skill level 10 in Charms
 68730 | Depths:2 | Reached XP level 22. HP: 116/174 MP: 22/38
 69066 | Depths:3 | Identified the +1 ring mail of Qahuir {MP-9 Slay+2 Stlth+}
 69067 | Depths:3 | Noticed tstbtto's ghost (adept DDFi)
 69438 | Depths:3 | Killed tstbtto's ghost
 70253 | Depths:3 | Reached skill level 15 in Fighting
 70549 | Depths:3 | Noticed Jory
 70647 | Depths:3 | Killed Jory
 70884 | Depths:3 | Found a basalt altar of Yredelemnul.
 72348 | Depths:4 | Found a portal to a secret trove of treasure.
 72521 | Depths:4 | Noticed Boris
 72614 | Depths:4 | Killed Boris
 72856 | Depths:4 | Noticed a caustic shrike
 72888 | Depths:4 | Noticed Louise
 72909 | Depths:4 | Killed Louise
 73928 | Vaults:4 | Reached skill level 23 in Stealth
 73943 | Vaults:4 | Reached skill level 5 in Throwing
 74127 | Vaults:4 | Found Guana's Armour Shop.
 74439 | Vaults:4 | Reached XP level 23. HP: 181/181 MP: 7/39
 75047 | Vaults:5 | Entered Level 5 of the Vaults
 75065 | Vaults:5 | HP: 8/182 [vault guard/exploding inner flame[the player character] (2)]
 75065 | Vaults:5 | HP: 2/182 [vault guard/exploding inner flame[the player character] (6)]
 75065 | Vaults:5 | Killed from afar by a vault guard

Vault maps used:
D:1:      dpeg_arrival_tiny_k, st_stairs_9, minmay_misc_feat_doors,
          cheibriados_altar_1
D:2:      yredelemnul_altar_generic, first_bread
D:3:      hangedman_decor_clover_reticule
D:4:      grunt_temple_overflow_forces_of_nature, makhleb_blood_cavern_becter,
          okawaru_trees_2, minmay_temple_entry_overgrown, uniq_sigmund
D:5:      johnstein_pakellas_shop, uniq_pikel
D:6:      minmay_flawed_box, nicolae_ru_great_annihilating_truth,
          enter_ossuary_1, kennysheep_generic_room_15
D:7:      lemuel_crystal_altar, lemuel_crystal_altar, uniq_menkaure
D:8:      old_standard_altar, nicolae_overflow_quartered_altars, special_room,
          uniq_erolcha
D:9:      dpeg_lair_monsters, hex_large
D:10:     kennysheep_orc_monster_closet_entryway, uniq_maurice
D:11:     hangedman_tell_no_tales
D:12:     serial_shops, shop
D:13:     david_vaults_4, minmay_door_square, minmay_parallelograms
D:14:     infiniplex_staircase_door_maze, eino_small_chamber_without_monster,
          grunt_decor_cap, minmay_misc_feat_chi, grunt_ministairs_12,
          nemelex_altar_shiori
D:15:     hangedman_depths_entry_civil_slaughter, minivault_27,
          minmay_misc_feat_square, uniq_agnes
Temple:   circular_temple_pool_8
Lair:2:   lemuel_reptile_caves, lemuel_fruit_fields
Lair:3:   serial_forest, infiniplex_forest_straight_2,
          infiniplex_forest_straight_3, infiniplex_forest_clump_large,
          infiniplex_forest_straight_3, infiniplex_forest_end_3,
          infiniplex_forest_clump_C, infiniplex_forest_straight_2,
          grunt_forest_stairs_clearing
Lair:5:   minmay_snake_entry_guardpost_large, uniq_rupert
Lair:6:   elwin_shoals_entry_rooms, dpeg_slime_entry_corner, tgw_fedhas
Lair:7:   pond_and_an_island_with_a_cottage, uniq_josephine
Lair:8:   hangedman_lair_tendril_chambers, guppyfry_lair_end_dragon,
          wad_woods_04, uniq_snorg
Shoals:1: portal_ice_cave_entry_ice_statue_two
Shoals:2: serial_shops, nicolae_shop_behind_doors, nicolae_shoals_drake_roost
Shoals:3: serial_shops, bzr_entry_dummy, nicolae_shoals_hunting_party
Shoals:4: shoals_end_grunt_ice, shoals_ilsuiw_ice, uniq_donald
Snake:1:  abandoned_shop
Snake:2:  hangedman_cross_stitches, uniq_wiglaf, uniq_asterion
Snake:3:  serial_shops, nicolae_shop_window_shopping, grunt_ministairs_8,
          uniq_aizul, uniq_vashnia
Snake:4:  minmay_snake_end_coiled
Orc:2:    st_orc_congregation, uniq_azrael
Elf:1:    elf_arrival_001, serial_shops, nicolae_shop_waterfront,
          evilmike_minifort
Elf:2:    infiniplex_enter_wizlab_glasses, serial_shops, nicolae_shop_stone
Vaults:1: st_check, vaults_room_ringed_pool, hangedman_vaults_trim,
          vaults_dpeg_ring, v_misc_19, nicolae_vaults_network_periphery,
          nicolae_vaults_inception_scallops, nicolae_vaults_network_s,
          nicolae_vaults_stairing_the_circle, ontoclasm_vaults_chip,
          nicolae_vaults_angled_halls, v_alt_pattern_1, serial_shops,
          nicolae_shop_waterfront
Vaults:2: v_misc_30, vaults_standard_mumra_lines,
          nicolae_vaults_network_barrier, ontoclasm_vaults_spin,
          hangedman_vaults_cutoff, ontoclasm_vaults_ligature,
          nicolae_vaults_rhombus_5, grunt_vaults_twisty,
          nicolae_vaults_rhombus_6, vaults_room_pools, vaults_mumra_chevron,
          ontoclasm_vaults_twist, nicolae_vaults_asterisk,
          vaults_dpeg_encased_lava, uniq_mara
Vaults:3: v_rooms_2, nicolae_vaults_arrows, grunt_vaults_hallway_short,
          dpeg_vaults_monster_row, ontoclasm_vaults_ring_large,
          nicolae_vaults_asterisk, vaults_room_pool, ontoclasm_vaults_eye,
          minmay_crypt_entry_skeletal_spiral, ontoclasm_vaults_misaligned,
          nicolae_vaults_shelves_hall, hangedman_vaults_slice,
          nicolae_vaults_little_squares_5, grunt_vaults_hallway_long,
          uniq_frederick
Vaults:4: v_rooms_6, hangedman_vaults_trim, v_misc_23, ontoclasm_vaults_bender,
          ontoclasm_vaults_ring_small, v_misc_16, vaults_standard_mumra_x,
          vaults_mumra_lcd, v_alt_pattern_1, vaults_room_fancy_cross,
          vaults_room_semicircle, serial_shops, shop_coins
Vaults:5: serial_shops
Depths:1: enter_ziggurat_d, abyss_entry, pan_entry, hell_entry,
          nicolae_lava_and_water, st_stairs_8, grunt_absolute_annihilation,
          serial_bayou_shore_b
Depths:2: minmay_two_paths, lemuel_crystal_altar, pf_hell_entry_tar_spiral,
          st_stairs_12, uniq_enchantress
Depths:3: lemuel_vampire_tower, minmay_crystal_water, hangedman_geh_valley,
          rand_demon_pan_entry_3, minmay_misc_feat_plants, serial_bayou_shore_b,
          infiniplex_staircase_pool_2
Depths:4: wad_courtyard, nicolae_abyss_entry_one_way_or_another, hell_entry,
          enter_trove_2, minmay_misc_feat_enclosed, uniq_boris
Abyss:5:  evilmike_abyss_rune_ettins, evilmike_abyss_exit_2, minivault_26,
          nicolae_abyss_rune_left_handed, evilmike_abyss_exit_chaos,
          minivault_25, minivault_24, evilmike_abyss_exit_16,
          grunt_abyss_rune_forest_and_sorcery
Bazaar:   bazaar_jpeg_cross
Ossuary:  ossuary_tomb_1
IceCv:    ice_cave_small_demon
WizLab:   wizlab_zonguldrok

Skill      XL: |  1  2  3  4  5  6  7  8  9 10 11 12 13 14 15 16 17 18 19 20 21 22 23 |
---------------+----------------------------------------------------------------------+-----
Fighting       | 1 2 3 4 5 6 7 8 9 10 11 12 13 14 15 | 15.5
Hexes          | 5 6 7 8 9 10 11 13 14 15 16 17 | 17.9
Stealth        | 5 6 7 8 10 11 12 13 14 15 16 17 18 20 21 22 23 | 23.3
Short Blades   | 2 3 4 5 6 7 8 9 10 | 10.9
Dodging        | 3 4 5 6 7 8 9 10 11 12 13 14 15 16 17 | 17.3
Spellcasting   | 3 4 5 6 7 8 9 10 11 12 | 12.2
Shields        | 2 3 5 6 7 8 9 10 11 | 11.4
Summonings     | 1 4 5 7 8 |  8.5
Air Magic      | 4 6 7 8 |  8.1
Evocations     | 2 4 5 8 9 10 11 | 11.5
Charms         | 5 8 10 11 12 | 12.0
Long Blades    | 5 7 8 9 |  9.1
Throwing       | 2 5 |  5.8

Action                   |  1- 3 |  4- 6 |  7- 9 | 10-12 | 13-15 | 16-18 | 19-21 | 22-24 || total
-------------------------+-------+-------+-------+-------+-------+-------+-------+-------++-------
Melee: Dagger            |    92 |   127 |   394 |  1306 |   573 |       |       |       ||  2492
       Bite              |     4 |    14 |    39 |   147 |   351 |   374 |   480 |   235 ||  1644
       Quick blade       |       |       |       |       |  1603 |  2459 |  2712 |  1219 ||  7993
       Short sword       |       |       |       |       |   330 |       |       |       ||   330
Throw: Throwing net      |       |       |       |       |       |     2 |     4 |     3 ||     9
 Cast: Corona            |     2 |       |       |       |       |       |       |       ||     2
       Ensorcelled Hiber |     6 |    18 |    34 |   133 |   150 |   132 |     9 |     1 ||   483
       Confuse           |     1 |     7 |    35 |    63 |   212 |   204 |   171 |    96 ||   789
       Dazzling Spray    |       |       |       |     6 |    28 |    62 |     8 |     4 ||   108
       Repel Missiles    |       |       |       |       |     1 |     6 |     2 |       ||     9
       Summon Lightning  |       |       |       |       |       |    55 |    61 |    18 ||   134
       Tukima's Dance    |       |       |       |       |       |    15 |    16 |       ||    31
       Shroud of Golubri |       |       |       |       |       |    12 |     7 |     5 ||    24
       Ozocubu's Armour  |       |       |       |       |       |       |    15 |    10 ||    25
       Spectral Weapon   |       |       |       |       |       |       |    40 |    26 ||    66
       Silence           |       |       |       |       |       |       |     6 |     2 ||     8
       Regeneration      |       |       |       |       |       |       |     6 |    24 ||    30
       Invisibility      |       |       |       |       |       |       |     2 |       ||     2
Invok: Curse Item        |       |       |       |     1 |       |     4 |       |       ||     5
       Scrying           |       |       |       |       |       |       |       |     1 ||     1
 Abil: End Transformatio |       |       |       |       |       |       |     1 |       ||     1
       Bat Form          |       |       |       |       |       |       |     1 |       ||     1
Evoke: Rod               |       |       |       |     1 |       |       |       |       ||     1
       Wand              |       |       |       |       |     6 |     8 |    10 |     3 ||    27
       Sack of spiders   |       |       |       |       |       |       |     3 |     1 ||     4
       Phial of floods   |       |       |       |       |       |       |       |     1 ||     1
  Use: Potion            |     2 |     4 |     7 |    10 |    18 |    28 |    36 |    11 ||   116
       Scroll            |       |       |       |     8 |    13 |    24 |    18 |     4 ||    67
 Stab: Sleeping          |    15 |    19 |    51 |   120 |   163 |   122 |    98 |    43 ||   631
       Confused          |     1 |     2 |    17 |    42 |   120 |   125 |    80 |    56 ||   443
       Paralysed         |       |       |     1 |       |       |       |     1 |       ||     2
       Distracted        |       |       |       |     2 |    15 |    28 |    55 |    31 ||   131
       Invisible         |       |       |       |     1 |    10 |    15 |     4 |     2 ||    32
       Held in net/web   |       |       |       |       |       |       |     2 |     1 ||     3
Armor: Robe              |    26 |    20 |    66 |    79 |   132 |    84 |   115 |    34 ||   556
Dodge: Dodged            |    49 |    80 |   217 |   654 |  1117 |   965 |  1155 |   423 ||  4660
       Deflected         |       |       |       |       |     4 |    23 |    23 |    18 ||    68
Block: Buckler           |       |       |    11 |   326 |   640 |   159 |       |       ||  1136
       Shield            |       |       |       |       |       |   647 |  1451 |   539 ||  2637
       Reflection        |       |       |       |       |       |    70 |    93 |    44 ||   207
